 Dungeon Crawl Stone Soup version 0.26.1-11-gd32895ea62 (webtiles) character file.

Game seed: 7002498532632135416

641 Zeld the Carver (level 7, -6/50 HPs)
             Began as a Human Gladiator on June 4, 2021.
             Mangled by a bullfrog zombie (7 damage)
             ... in an ossuary.
             The game lasted 00:06:42 (7196 turns).

Zeld the Carver (Human Gladiator)                   Turns: 7196, Time: 00:06:43

Health: -6/50      AC:  5    Str: 17    XL:     7   Next: 81%
Magic:  7/7        EV: 13    Int:  8    God:
Gold:   218        SH:  0    Dex: 14    Spells: 6/6 levels left

rFire    . . .     SeeInvis .   a - +0 long sword
rCold    . . .     Faith    .   (no shield)
rNeg     . . .     Spirit   .   b - +0 leather armour
rPois    .         Reflect  .   c - +0 helmet
rElec    .         Harm     .   (no cloak)
rCorr    .         Rampage  .   e - +0 pair of gloves
Will     .....                  (no boots)
Stlth    +.........             (no amulet)
HPRegen  0.16/turn              (no ring)
MPRegen  0.10/turn              (no ring)

@: no status effects
A: no striking features
a: no special abilities


You were in an ossuary.
You visited 1 branch of the dungeon, and saw 5 of its levels.
You also visited: Ossuary.

You collected 218 gold pieces.

Inventory:

Hand Weapons
 a - a +0 long sword (weapon)
Missiles
 d - 7 boomerangs (quivered)
Armour
 b - a +0 leather armour (worn)
 c - a +0 helmet (worn)
 e - a +0 pair of gloves (worn)
Scrolls
 i - 2 scrolls of teleportation {unknown}
 j - a scroll of fog {unknown}
 k - 3 scrolls of identify {unknown}
 m - 2 scrolls of remove curse {unknown}
 o - a scroll of amnesia {unknown}
 p - a scroll of fear {unknown}
 q - 2 scrolls of immolation {unknown}
Potions
 f - 4 potions of lignification {unknown}
 g - 3 potions of curing {unknown}
 h - a potion of attraction {unknown}
 l - a potion of heal wounds {unknown}
 n - a potion of brilliance {unknown}
 r - a potion of resistance {unknown}
 s - a potion of mutation {unknown}


   Skills:
 - Level 2.0 Fighting
 * Level 8.5 Long Blades
 - Level 2.0 Throwing
 - Level 3.0 Dodging


You had 6 spell levels left.
You didn't know any spells.
Your spell library contained the following spells:

 Spells                   Type           Power        Failure   Level
 Corona                   Hex            0%           47%         1
 Ensorcelled Hibernation  Hex/Ice        0%           63%         2
 Confusing Touch          Hex            0%           85%         3
 Dazzling Flash           Conj/Hex       0%           85%         3
 Tukima's Dance           Hex            0%           85%         3


Dungeon Overview and Level Annotations

Branches:
Dungeon (5/15)            Ossuary (1/1)
 Temple: D:4-7

Altars:
Ashenzari
Dithmenos
Fedhas
Kikubaaqudgha
Makhleb
Ru
Sif Muna
Uskayaw
The Shining One

Annotations:
D:4 Robin


Message History

You completely miss the bullfrog zombie.
The bullfrog zombie is moderately damaged.
The bullfrog zombie hits you.
* * * LOW HITPOINT WARNING * * *
The bullfrog zombie hits you but does no damage.
You hit the bullfrog zombie but do no damage.
The bullfrog zombie is moderately damaged.
The bullfrog zombie hits you.
* * * LOW HITPOINT WARNING * * *
You hit the bullfrog zombie.
The bullfrog zombie is heavily damaged.
The bullfrog zombie closely misses you.
A mummy comes into view.
You hit the bullfrog zombie.
The bullfrog zombie is heavily damaged.
The bullfrog zombie misses you.
You hit the bullfrog zombie but do no damage.
The bullfrog zombie is heavily damaged.
The bullfrog zombie hits you!
You die...

##### ####
#...#≈≈P≈#
#.∩@ZZ≈#
#∩..#MZP≈#
##### #≈≈#
##


You could see a mummy, an adder zombie, a hound zombie and a bullfrog zombie.

Vanquished Creatures
  Purgy (D:3)
  An ogre (D:4)
  A water moccasin skeleton (D:4)
  3 scorpions
  A hound (D:3)
  An orc priest (D:4)
  2 worker ants
  A mummy (Ossuary)
  6 adders
  An ooze (D:2)
  2 worms (D:2)
  4 dart slugs
  2 leopard geckos
  4 orcs
  6 bats
  7 giant cockroaches
  2 goblins
  5 hobgoblins
  5 quokkas
  A ball python skeleton (D:4)
  4 frilled lizards
  A jackal skeleton (D:4)
  12 kobolds
  8 rats
81 creatures vanquished.

Vanquished Creatures (others)
  A withered plant (Ossuary)
1 creature vanquished.

Grand Total: 82 creatures vanquished

Notes
Turn   | Place    | Note
-------+----------+-------------------------------------------
     0 | D:1      | Zeld the Human Gladiator began the quest for the Orb.
     0 | D:1      | Reached XP level 1. HP: 16/16 MP: 1/1
   423 | D:1      | Reached XP level 2. HP: 22/22 MP: 2/2
  1020 | D:1      | Reached skill level 4 in Long Blades
  1020 | D:1      | Reached XP level 3. HP: 27/27 MP: 3/3
  1996 | D:2      | Reached XP level 4. HP: 33/33 MP: 4/4
  2242 | D:2      | Reached skill level 5 in Long Blades
  3001 | D:3      | Reached XP level 5. HP: 38/38 MP: 5/5
  3586 | D:3      | Reached skill level 6 in Long Blades
  3643 | D:3      | Found a blossoming altar of Fedhas.
  3644 | D:3      | Found an ancient bone altar of Kikubaaqudgha.
  3644 | D:3      | Found a broken altar of Ashenzari.
  3645 | D:3      | Found a hide-covered altar of Uskayaw.
  3816 | D:3      | Found a burning altar of Makhleb.
  3827 | D:3      | Reached XP level 6. HP: 27/44 MP: 6/6
  4788 | D:4      | Noticed Purgy
  4835 | D:3      | Killed Purgy
  4836 | D:3      | Reached skill level 7 in Long Blades
  4836 | D:3      | Reached XP level 7. HP: 17/50 MP: 7/7
  5244 | D:4      | Reached skill level 8 in Long Blades
  5822 | D:4      | HP: 2/50 [poisoned by a scorpion]
  5830 | D:4      | HP: 2/50 [poisoned by a scorpion]
  6230 | D:4      | Found a glowing golden altar of the Shining One.
  6233 | D:4      | Noticed Robin
  6754 | D:4      | Found a shimmering blue altar of Sif Muna.
  6754 | D:4      | Found a shadowy altar of Dithmenos.
  7066 | D:5      | Entered Level 5 of the Dungeon
  7066 | D:5      | Found a sacrificial altar of Ru.
  7160 | D:5      | Found a sand-covered staircase.
  7166 | Ossuary  | Entered an ossuary
  7193 | Ossuary  | HP: 1/50 [bullfrog zombie (5)]
  7196 | Ossuary  | Mangled by a bullfrog zombie

Illustrated notes

Levels and vault maps discovered:
D:1:      nicolae_arrival_washed_ashore, layout_basic, kennysheep_boxes
D:2:      minmay_chambers_of_twos, layout_basic
D:3:      layout_loops_corners, makhleb_blood_cavern_becter,
          chequers_temple_overflow_statue_of_worship, kennysheep_path_1
D:4:      layout_basic, gammafunk_temple_overflow_statue,
          nicolae_overflow_hidden_temple, uniq_robin, uniq_purgy
D:5:      layout_rooms, lemuel_crystal_altar,
          minmay_temple_entry_statues_fountains, gup_ossuary_entry_pyramid
Ossuary:  ossuary_zaba_flooded

Skill      XL: |  1  2  3  4  5  6  7 |
---------------+----------------------+-----
Long Blades    | 4 5 6 7 8 |  8.5
Fighting       | |  2.0
Throwing       | |  2.0
Dodging        | |  3.0

Action                   |  1- 3 |  4- 6 |  7- 9 || total
-------------------------+-------+-------+-------++-------
Melee: Long sword        |    94 |   137 |   104 ||   335
Throw: Throwing net      |       |     3 |     2 ||     5
 Stab: Held in net/web   |       |     3 |       ||     3
Armor: Leather armour    |    26 |    37 |    30 ||    93
Dodge: Dodged            |    69 |   118 |    74 ||   261
       Rpst.: Long sword |    21 |    37 |    26 ||    84
